 Dungeon Crawl Stone Soup version bcrawl-1.27.1d (webtiles) character file.

Game seed: 18069438453874665716

134838 Freyura the Ducker (level 4, 0/34 HPs)
             Began as a Demonspawn Gladiator on July 22, 2020.
             Slain by a phantom (5 damage)
             ... on level 3 of the Dungeon.
             The game lasted 00:02:50 (1562 turns).

Freyura the Ducker (Demonspawn Gladiator)           Turns: 1562, Time: 00:02:51

Health: 0/34       AC:  3    Str: 14    XL:     4   Next: 9%
Magic:  4/4        EV: 13    Int: 10    God:
Gold:   167        SH:  0    Dex: 15    Spells: 3/3 levels left

rFire    . . .     SeeInvis .   a - +0 quarterstaff
rCold    . . .     Gourm    .   (shield currently unavailable)
rNeg     . . .     Faith    .   b - +0 leather armour
rPois    +         Spirit   .   (helmet restricted)
rElec    .         Reflect  .   (no cloak)
rCorr    +         Harm     .   (no gloves)
MR       .....                  (no boots)
Stlth    +.........             (no amulet)
HPRegen  0.11/turn              h - ring of resist corrosion
MPRegen  0.09/turn              k - ring of poison resistance

@: no status effects
A: antennae 1, rot immunity
a: no special abilities


You were on level 3 of the Dungeon.
You were hungry.

You visited 1 branch of the dungeon, and saw 3 of its levels.

You collected 167 gold pieces.

Inventory:

Hand Weapons
 a - a +0 quarterstaff (weapon)
Missiles
 d - 3 throwing nets {=f}
Armour
 b - a +0 leather armour (worn)
 c - a +0 helmet
Jewellery
 h - a ring of resist corrosion (left hand)
 k - a ring of poison resistance (right hand)
Scrolls
 f - a scroll of immolation {unknown}
 i - a scroll of identify
Comestibles
 e - 2 rations {!d}


   Skills:
 + Level 2.8 Fighting
 + Level 3.2 Staves
 - Level 1.7 Throwing
 + Level 1.4 Armour
 + Level 3.2 Dodging


You had 3 spell levels left.
You didn't know any spells.
Your spell library was empty.

Dungeon Overview and Level Annotations

Branches:
Dungeon (3/12)

Altars:
Elyvilon


Innate Abilities, Weirdness & Mutations

You have a pair of small antennae on your head.
You are immune to rotting.


Message History

* * * LOW HITPOINT WARNING * * *
The jackal barely misses you. The jackal bites you.
* * * LOW HITPOINT WARNING * * *
You hit the jackal.
The jackal is severely wounded.
The jackal closely misses you. The jackal misses you. The jackal bites you.
* * * LOW HITPOINT WARNING * * *
You sock the jackal!
You kill the jackal!
The jackal closely misses you. The jackal bites you.
* * * LOW HITPOINT WARNING * * *
You barely miss the phantom.
The phantom is moderately damaged.
The jackal bites you.
* * * LOW HITPOINT WARNING * * *
The phantom misses you.
You sock the phantom!
The phantom is heavily damaged.
The jackal barely misses you. x2; The phantom hits you.
You die...

,,,,***,,,,,,,,,**,,.............
,,,,+,+,,.......+...#+#..........
,,,,***,,.......#...#.#.....#####
*,,,,,*,*.......#.....#.....#####
+,,,,,*,*.......#.....#.....##...
*,,,,,*+*.......#.....#.....##...
*,,,,,,,,,#....$......#.....##...
,,,,,,,,,,#.....Wh....#..........
,,,,,*,,,,#.....@†....#....).....
,,,,,+,,,,#..#####+#.............
,,,,,******,,*****,#.............
,,,,,,,,,,*,,*,,....w............
,,,,*,,,*,*,,*,...#..............
,,,,*,,,,,*,*,..............(....
*+***,,,,,***,..........#........
*,,,,,,,,,,,,,..........#.......,
,,,,**,,,*****,....####.........,


You could see a phantom and a jackal.

Vanquished Creatures
  An adder (D:3)
  An ooze (D:2)
  3 dart slugs
  2 worms (D:2)
  4 leopard geckos
  4 bats
  2 giant cockroaches
  6 goblins
  7 hobgoblins
  4 jackals
  A frilled lizard (D:2)
  7 kobolds
  A rat (D:1)
43 creatures vanquished.

Notes
Turn   | Place    | Note
-------+----------+-------------------------------------------
     0 | D:1      | Freyura the Demonspawn Gladiator began the quest for the
                  | Orb.
     0 | D:1      | Reached XP level 1. HP: 16/16 MP: 1/1
   111 | D:1      | Gained mutation: You have a pair of small antennae on your
                  | head. [demonic ancestry]
   111 | D:1      | Reached XP level 2. HP: 22/22 MP: 2/2
   614 | D:2      | Reached skill level 1 in Armour
   705 | D:2      | Found a white marble altar of Elyvilon.
   709 | D:2      | Gained mutation: You are immune to rotting. [demonic
                  | ancestry]
   709 | D:2      | Reached XP level 3. HP: 25/28 MP: 3/3
  1514 | D:3      | Reached XP level 4. HP: 31/34 MP: 4/4
  1540 | D:3      | Noticed a phantom
  1562 | D:3      | Slain by a phantom

Skill      XL: |  1  2 |
---------------+-------+-----
Staves         | 3 |  3.2
Armour         | 1 |  1.4
Dodging        | 3 |  3.2
Fighting       | |  2.8
Throwing       | |  1.7

Action                   |  1- 3 |  4- 6 || total
-------------------------+-------+-------++-------
Melee: Quarterstaff      |   115 |    17 ||   132
  Use: Scroll            |     3 |       ||     3
 Stab: Sleeping          |     1 |       ||     1
  Eat: Chunk             |     5 |       ||     5
Armor: Leather armour    |    30 |     4 ||    34
Dodge: Dodged            |   105 |    19 ||   124
